Map: Honorgrounds LE

Players

IlIlIlIlIlIl

  • Race: Zerg Zerg
  • League: Master
  • Spawn Location: 5:00

NORTHAMERICA - Winner!

  • Race: Protoss Protoss
  • League: Grandmaster
  • Spawn Location: 11:00

VOD

Have the link to the VOD?

Description

Time

  • Played on: Feb. 23, 2017, 2:38 a.m.
  • Length: 10:58
Show
View Real Time Build Order
Export as new Build Order

IlIlIlIlIlIl Zerg 

Build Orders: 3 Hatch before Pool 

Get SALT Encoding   

  12  0:01  Drone  
  13  0:13  Overlord  
  13  0:18  Drone  
  14  0:31  Drone x2  
  16  0:35  Drone  
  17  0:54  Hatchery  
  17  0:57  Drone  
  17  1:17  Hatchery  
  17  1:18  Drone  
  17  1:22  Drone  
  18  1:32  Extractor  
  18  1:38  Spawning Pool  
  16  1:40  Drone  
  16  1:43  Drone  
  18  1:47  Drone  
  18  1:51  Drone  
  20  2:03  Drone  
  20  2:06  Drone  
  22  2:14  Drone  
  23  2:17  Drone  
  24  2:24  Queen x2  
  24  2:28  Overlord  
  28  2:31  Drone  
  28  2:33  Drone  
  30  2:40  Metabolic Boost  
  30  2:43  Drone  
  30  2:44  Drone  
  32  2:46  Drone  
  34  2:51  Drone x2  
  34  2:56  Queen  
  37  3:01  Overlord  
  37  3:05  Zergling x2  
  37  3:06  Zergling x2  
  37  3:09  Zergling x2  
  37  3:11  Drone x2  
  42  3:14  Overlord  
  42  3:20  Drone  
  42  3:22  Drone  
  42  3:24  Drone  
  45  3:32  Drone  
  45  3:33  Drone  
  47  3:36  Extractor  
  47  3:40  Drone  
  47  3:42  Drone x4  
  47  3:46  Roach Warren  
  47  3:47  Overlord  
  50  3:52  Drone x2  
  52  3:57  Drone  
  52  3:59  Evolution Chamber  
  52  4:00  Extractor, Drone  
  52  4:08  Drone x5  
  57  4:11  Spore Crawler  
  57  4:12  Spore Crawler  
  57  4:13  Spore Crawler  
  57  4:14  Drone  
  55  4:20  Lair  
  55  4:21  Drone x2  
  53  4:33  Drone x6, Zerg Missile Weapons Level 1  
  57  4:40  Extractor  
  57  4:41  Drone x2  
  57  4:45  Overlord x2  
  58  4:46  Drone x4  
  62  5:03  Drone  
  62  5:04  Drone x6  
  62  5:06  Drone  
  70  5:09  Extractor x2  
  68  5:14  Queen  
  68  5:16  Overlord  
  68  5:18  Hatchery  
  68  5:19  Hydralisk Den  
  68  5:20  Drone  
  69  5:23  Drone x2  
  69  5:26  Glial Reconstitution  
  71  5:31  Overseer  
  71  5:32  Overlord x2  
  71  5:34  Drone x2  
  73  5:39  Drone  
  73  5:40  Drone x3  
  77  5:46  Overlord  
  77  5:47  Overlord x2  
  77  5:48  Overseer  
  77  5:52  Muscular Augments  
  77  5:58  Hydralisk x2  
  81  6:04  Hydralisk Den  
  81  6:06  Hydralisk x3  
  86  6:12  Hydralisk x3  
  86  6:15  Hydralisk  
  86  6:18  Overlord  
  94  6:20  Overlord  
  94  6:31  Hydralisk  
  94  6:32  Hydralisk x4  
  104  6:38  Drone  
  105  6:40  Nydus Network  
  104  6:47  Hydralisk  
  104  6:48  Hydralisk x4  
  104  6:54  Overlord x2  
  114  7:02  Roach x6  
  114  7:03  Roach  
  128  7:09  Overlord x2  
  128  7:18  Nydus Canal  
  130  7:23  Roach x8  
  130  7:26  Zerg Missile Weapons Level 2  
  144  7:39  Hydralisk x5  
  152  7:50  Queen x3  
  152  7:51  Queen  
  152  8:02  Overlord x3  
  152  8:03  Hydralisk x2  
  156  8:07  Overseer  
  156  8:13  Hydralisk x2  
  144  8:23  Drone  
  144  8:24  Drone x10  
  144  8:25  Evolution Chamber  
  150  8:33  Drone  
  151  8:34  Baneling Nest  
  151  8:39  Extractor  
  149  8:41  Extractor  
  148  8:55  Drone x3  
  150  8:56  Drone x2, Overlord x2  
  150  8:57  Overlord  
  150  8:58  Zerg Ground Armor Level 1  
  150  9:00  Zergling x12  
  150  9:02  Hatchery  
  158  9:20  Zergling x28, Hatchery  
  158  9:24  Hydralisk  
  173  9:36  Overlord  
  173  9:37  Overlord  
  173  9:42  Hydralisk  
  173  9:43  Hydralisk x7  
  189  9:48  Queen  
  191  9:58  Overseer x3  
  191  9:59  Overseer  
  191  10:05  Hydralisk  
  191  10:06  Hydralisk x3  
  181  10:15  Nydus Canal  
Show
View Real Time Build Order
Export as new Build Order

NORTHAMERICA Protoss - Winner!

Build Orders: Nexus First, Oracle Opening 

Get SALT Encoding   

  12  0:01  Probe (Chrono Boost)  
  13  0:11  Probe (Chrono Boost)  
  14  0:20  Pylon  
  14  0:22  Probe (Chrono Boost)  
  15  0:39  Probe (Chrono Boost)  
  16  0:49  Probe (Chrono Boost)  
  17  0:59  Nexus  
  17  1:10  Gateway  
  17  1:13  Probe (Chrono Boost)  
  18  1:22  Assimilator  
  18  1:23  Probe (Chrono Boost)  
  19  1:26  Assimilator  
  19  1:34  Probe (Chrono Boost)  
  20  1:44  Probe (Chrono Boost)  
  21  1:55  Probe (Chrono Boost)  
  21  1:58  Cybernetics Core  
  22  2:05  Probe (Chrono Boost)  
  23  2:12  Probe (Chrono Boost)  
  24  2:16  Probe (Chrono Boost)  
  24  2:20  Zealot  
  24  2:22  Probe (Chrono Boost)  
  28  2:25  Pylon  
  28  2:26  Probe (Chrono Boost)  
  29  2:33  Probe (Chrono Boost)  
  31  2:37  Probe (Chrono Boost), Warp Gate  
  31  2:43  Probe (Chrono Boost)  
  32  2:45  Stargate  
  32  2:47  Probe (Chrono Boost)  
  33  2:54  Probe (Chrono Boost)  
  33  2:58  Probe (Chrono Boost)  
  35  3:04  Probe (Chrono Boost)  
  36  3:09  Mothership Core (Chrono Boost)  
  38  3:13  Pylon  
  38  3:15  Probe (Chrono Boost)  
  39  3:24  Oracle  
  39  3:25  Probe (Chrono Boost)  
  40  3:28  Probe (Chrono Boost)  
  44  3:36  Probe (Chrono Boost)  
  44  3:40  Probe (Chrono Boost)  
  46  3:45  Nexus  
  46  3:46  Probe (Chrono Boost)  
  46  3:47  Pylon  
  47  3:53  Probe (Chrono Boost)  
  48  3:57  Probe (Chrono Boost)  
  48  3:58  Void Ray  
  52  4:03  Assimilator  
  52  4:07  Pylon  
  52  4:09  Probe (Chrono Boost)  
  54  4:13  Probe (Chrono Boost)  
  55  4:21  Probe (Chrono Boost)  
  56  4:25  Forge, Probe (Chrono Boost)  
  57  4:34  Probe (Chrono Boost)  
  57  4:37  Probe (Chrono Boost)  
  60  4:46  Probe (Chrono Boost), Assimilator  
  60  4:48  Fleet Beacon, Probe (Chrono Boost)  
  60  4:51  Stargate  
  61  4:53  Pylon  
  61  4:57  Probe (Chrono Boost)  
  61  4:58  Probe x2 (Chrono Boost)  
  64  5:05  Stargate  
  64  5:08  Probe (Chrono Boost)  
  64  5:09  Probe (Chrono Boost)  
  64  5:10  Pylon, Probe (Chrono Boost)  
  67  5:17  Photon Cannon  
  67  5:18  Probe (Chrono Boost)  
  67  5:19  Probe (Chrono Boost)  
  70  5:22  Probe (Chrono Boost)  
  70  5:24  Carrier  
  70  5:29  Probe (Chrono Boost)  
  70  5:30  Probe (Chrono Boost)  
  70  5:32  Assimilator  
  70  5:34  Probe (Chrono Boost)  
  79  5:36  Assimilator  
  79  5:39  Probe (Chrono Boost)  
  79  5:40  Probe (Chrono Boost)  
  81  5:45  Carrier  
  81  5:46  Probe (Chrono Boost)  
  82  5:52  Probe (Chrono Boost)  
  82  5:54  Photon Cannon  
  82  5:56  Pylon  
  89  5:58  Carrier  
  89  5:59  Probe (Chrono Boost)  
  89  6:01  Photon Cannon  
  89  6:03  Photon Cannon x2  
  96  6:18  Pylon  
  96  6:19  Graviton Catapult  
  96  6:23  Probe (Chrono Boost)  
  97  6:26  Pylon  
  97  6:36  Photon Cannon  
  97  6:38  Carrier  
  97  6:43  Photon Cannon x2  
  97  6:45  Photon Cannon  
  103  6:59  Photon Cannon, Pylon  
  109  7:03  Pylon  
  109  7:10  Pylon  
  109  7:12  Carrier  
  109  7:15  Photon Cannon x2  
  109  7:17  Photon Cannon  
  109  7:22  Carrier  
  121  7:40  Gateway  
  121  7:43  Pylon  
  121  7:53  Carrier  
  122  7:59  Probe (Chrono Boost)  
  122  8:01  Gateway  
  122  8:05  Gateway  
  128  8:07  Protoss Air Weapons Level 1, Gateway  
  128  8:11  Probe (Chrono Boost)  
  129  8:27  Carrier  
  129  8:30  Assimilator  
  129  8:40  Nexus, Carrier  
  135  8:41  Pylon  
  135  8:42  Pylon  
  135  8:44  Pylon  
  135  8:47  Pylon  
  141  8:49  Pylon  
  141  9:00  Zealot  
  143  9:06  Photon Cannon x2  
  143  9:07  Carrier  
  143  9:08  Photon Cannon  
  143  9:10  Photon Cannon  
  143  9:17  Twilight Council  
  143  9:21  Photon Cannon  
  149  9:24  Photon Cannon  
  149  9:28  Photon Cannon  
  149  9:29  Pylon, Zealot  
  151  9:32  Pylon  
  151  9:47  Zealot  
  153  9:54  Templar Archives  
  153  9:59  Assimilator  
  165  10:20  Assimilator  
  165  10:29  Gateway  
  165  10:30  Gateway  
  169  10:52  Photon Cannon  
  165  10:57  Photon Cannon  
Tags
 
Add a new tag
Caveats
  • Supply blocks, unpowered buildings, or Contaminate may cause inaccurate times.
  • Supply counts are checked every 10 seconds.